← All builds
Tech / Armada / Economy first / OBSERVED BUILD

Standard tech

Armada Tech (Eco) build order · Supreme Isthmus

Rushes T2 by 4:15, gets Advanced Metal Extractor around 5:28, hands off T2 constructors to Geo and the team, then scales eco and supplies the team's T2 needs through the rest of the game.

Usually first T2 con to Geo (83%)

#eco #t2 #team support · 1574 distinct matches · 255 players · 58% of Armada Tech games · team won 53% of 1868 · Recently observed

HOW TO PLAY IT

Key timing: T2 factory by 4:15

  1. Open 3 mex and heavy wind to fund a fast T2 rush.
  2. Put down Bot Lab, planning to eat it for reclaim soon after.
  3. Get Advanced Bot Lab up, hitting the T2 factory rush timing.
  4. Upgrade mex to Advanced Metal Extractor to lock in team metal income.
  5. Eat Advanced Bot Lab and keep sending cons to Geo and Pond.

Phase by phase

TYPICAL OF ITS 1574 GAMES
  1. 1
  2. 2
  3. 3
  4. 4
PLAY THE OPENING

Follow the example game's first 6:00 step by step: what to build now, what comes next, and where it goes. At 1× it keeps pace with your own game.

  1. 1

    Up to the Bot Lab

    Economy
    • Metal Extractor3Mex
    • Wind Turbine4Wind
    Order
    1. Bot LabBot Lab after 3 mex, 4 winddone ~1:18, middle half 1:13–1:32

    Some games also: energy storage (31%)

    By 1:01 in all: 3 mex · 4 wind

    The example game in this phase · 3 steps
    1. Mex ×3
    2. Wind ×3
    3. Bot LabBot Labdone 1:11 · typical 1:18
  2. 2

    Bot Lab to Advanced Bot Lab

    Economy
    • Metal Extractor1Mex
    • Wind Turbine8Wind
    • Energy Storage1Energy storage
    Order
    1. Advanced Bot LabAdvanced Bot Lab after 4 mex, 12 wind, 3 con turretdone ~4:16, middle half 4:04–4:30
    Builders
    • Construction Turret3 Con turret
    • Lazarus3 Lazarus
    • Construction Bot2 Con bot
    • Construction Bot1 Con bot for allies

    Some games also: converter (36%)

    By 3:18 in all: 4 mex · 12 wind · 1 energy storage · 3 con turret

    The example game in this phase · 14 steps
    1. Wind
    2. Construction BotCon bot
    3. LazarusLazarus
    4. Wind
    5. Construction BotCon bot
    6. Wind
    7. Mex
    8. LazarusLazarus
    9. Con turret
    10. LazarusLazarus
    11. Construction BotCon botfor Air
    12. Wind
    13. Con turret
    14. Advanced Bot LabAdvanced Bot Labdone 3:41 · typical 4:16
  3. 3

    Advanced Bot Lab to 5:00

    Economy
    • Wind Turbine3Wind
    Order
    1. Bot LabEat Bot Lab
    Builders
    • Advanced Construction Bot1 T2 con bot for allies

    Some games also: converter (35%)

    By 5:00 in all: 4 mex · 15 wind · 1 converter · 1 energy storage · 3 con turret

    The example game in this phase · 10 steps
    1. Wind
    2. Energy storage
    3. Bot LabEat Bot Labreclaimed for its metal
    4. Wind ×3
    5. Advanced Construction BotT2 con botfor Geo
    6. Wind
    7. Advanced Metal ExtractorT2 mexdone 5:09 · typical 5:29
    8. GunslingerGunslingerfor Techdone 4:34
    9. Wind ×2
    10. Advanced Construction BotT2 con botfor Air
  4. 4

    5:00 to 10:00

    Economy
    • Wind Turbine43Wind
    • Energy Converter6Converter
    Builders
    • Butler9 Butler
    • Advanced Construction Bot4 T2 con bot for allies
    • Advanced Construction Bot1 T2 con bot

    Some games also: con turret (43%) · Butler for allies (37%)

    By 10:00 in all: 4 mex · 58 wind · 8 converter · 1 energy storage · 3 con turret

    The example game in this phase · 175 steps
    1. Wind ×2
    2. Con turret
    3. Advanced Metal ExtractorT2 mex
    4. Wind
    5. Advanced Metal ExtractorT2 mex ×2
    6. Advanced Construction BotT2 con botfor Beach sea
    7. Converter
    8. Advanced Construction BotT2 con botfor Air
    9. Converter
    10. Advanced Construction BotT2 con botfor Tech
    11. Advanced Construction BotT2 con bot
    12. ButlerButler ×2for Beach sea
    13. ButlerButler
    14. CitadelAnti-nukedone 12:20
    15. ButlerButler ×3
    16. Wind ×2
    17. ButlerButler
    18. Wind
    19. Converter
    20. Wind
    21. ButlerButler
    22. Wind ×2
    23. Converter
    24. Wind ×2
    25. ButlerButler
    26. Con turret
    27. Wind ×3
    28. Converter
    29. ButlerButler
    30. Wind ×3
    31. Converter
    32. ButlerButler
    33. Wind
    34. Converter
    35. Wind ×2
    36. ButlerButler
    37. Wind ×3
    38. ButlerButler
    39. Wind ×2
    40. Converter
    41. Wind ×3
    42. Converter
    43. Wind ×3
    44. ButlerButler
    45. Wind ×2
    46. Converter
    47. Wind
    48. Converter
    49. Wind ×5
    50. Converter
    51. Wind ×3
    52. Converter
    53. Wind
    54. ButlerButler
    55. Wind ×5
    56. Converter
    57. Wind ×6
    58. ButlerButler
    59. Wind ×5
    60. Converter
    61. Wind ×3
    62. ButlerButler
    63. Wind ×5
    64. ButlerButler
    65. Wind ×2
    66. Converter
    67. Wind ×3
    68. ButlerButler
    69. Wind ×4
    70. ButlerButler
    71. Wind ×2
    72. Converter
    73. Wind ×3
    74. ButlerButler
    75. Wind ×5
    76. Converter
    77. ButlerButler
    78. Wind ×5
    79. ButlerButler
    80. Wind ×5
    81. Converter
    82. Wind ×19
    83. Converter
    84. Wind ×6
    85. Converter
    86. Wind ×5
    87. Fusion ReactorFusiondone 13:54
    88. Wind ×5
    89. Metal storage
    90. Converter
    91. Wind ×5
    92. Converter ×2
    93. Wind ×9
    94. Converter
    95. Wind
    96. Converter
    97. Wind ×5
    98. Converter
    99. Wind ×4
    100. Converter
    101. Wind ×4
    102. Converter
    103. Wind ×5
    104. Converter
    105. Wind ×7
    106. Con turret
    107. Converter
    108. Wind ×4
    109. Converter
    110. Wind ×6
    111. Converter ×2
    112. Wind ×4
    113. Con turret
    114. Advanced Construction BotT2 con bot
    115. Wind ×5
    116. Converter ×2
    117. Wind ×9
    118. Converter
    119. Wind
    120. Converter
    121. Wind ×7
    122. Converter
    123. Wind
    124. Converter
    125. Wind ×8
    126. Converter ×2
    127. Wind ×5
    128. Con turret
    129. Wind ×3
    130. Converter
    131. Wind
    132. Converter
    133. Wind
    134. Con turret
    135. Wind ×5
    136. Converter
    137. Wind ×2
    138. Converter
    139. Wind ×4
    140. Converter
    141. Wind ×2
    142. Fusion ReactorFusion
    143. Wind ×3
    144. Advanced Bot LabEat Advanced Bot Labreclaimed for its metal
    145. Converter
    146. Wind ×4
    147. Converter
    148. RattlesnakeRattlesnakenot finished by 15:00
    149. Wind ×5
    150. Converter
    151. Aircraft PlantAircraft Plantdone 14:49
    152. Wind
    153. Converter
    154. Wind ×6
    155. Converter
    156. Wind ×2
    157. Converter
    158. Wind ×5
    159. Converter
    160. Wind ×2
    161. Converter
    162. Converter
    163. Wind ×4
    164. Mex
    165. Wind ×5
    166. Converter ×2
    167. Wind ×7
    168. Converter
    169. Wind ×2
    170. FalconFighter
    171. Wind
    172. Converter
    173. Wind
    174. FalconFighter
    175. Wind

Counts are medians over the build's games: half of them build more, half fewer. The example game is [CC]CupOfCoffee's (31 OS, 12/10/2026); pick another.

Team trades

IN AT LEAST 30% OF ITS GAMES

You hand over

  • Construction Bot1 Con bot to Airfirst at 2:24 · in 84% of games
  • Advanced Construction Bot5 T2 con bot to Air or Geo sea or Pondfirst at 4:50 · in 99% of games
  • Butler2 Butler to Geo sea or Beach sea or Pondfirst at 9:07 · in 42% of games

You get

  • Hercules1 Light transport from Airfirst at 4:01 · in 86% of games

How it plays out

Typical game of this build, running totals by minute

Metal produced

020k40k
0:005:0010:0015:00

metal

Enemy metal destroyed

050100
0:005:0010:0015:00

metal

Own metal lost

050100150
0:005:0010:0015:00

metal

1868 games.

Show as table
ByMetal produced: This buildEnemy metal destroyed: This buildOwn metal lost: This build
1:0038300
2:0091500
3:00165100
4:00314300
5:00484800
6:00580000
7:00722700
8:00906100
9:001116900
10:001350200
11:001623900
12:001965200
13:002344100
14:0027357074
15:003153885130
WHAT THE NUMBERS SAY

Standard Tech play barely fights at all early, instead pouring metal into T2 infrastructure and constructors for the team.

  • + Metal produced hits 31679 by 15:00, by far the highest of any role here.
  • + T2 factory reached in 97% of games by 4:15, fastest and most reliable T2 timing.
  • − Enemy metal destroyed stays at 0 through 10:00, no early offense at all.
  • − Own metal lost also near 0, showing total avoidance of combat risk.
THE EXAMPLE YOU ARE READING

[CC]CupOfCoffee

30.6 OS · 12/10/2026

Open source match ↗

79 received units · includes a constructor
8873 metal received · 65313 energy received

Allied construction assistance is unknown. Timings are observations, not a promise of solo reproducibility.

Typical milestones

Bot Lab1:18Middle 50%: 1:13–1:32 · n=1868
Advanced Bot Lab4:16Middle 50%: 4:04–4:30 · n=1861
Advanced Metal Extractor5:29Middle 50%: 5:06–5:59 · n=1864

Played most by

Amrissa93games of this buildTheGeneraI66games of this buildAdeus57games of this buildEl_Turco56games of this buildKOT_43games of this build